 Dungeon Crawl Stone Soup version 0.20.1-1-g8b1a95d (webtiles) character file.

581 Ymberti the Magician (level 7, -1/38 HPs)
             Began as a Deep Elf Fire Elementalist on Sept 18, 2017.
             Slain by Pikel
             ... wielding a +1 whip of flaming
              (3 damage)
             ... on level 4 of the Dungeon.
             The game lasted 00:19:10 (3095 turns).

Ymberti the Magician (Deep Elf Fire Elementalist)   Turns: 3095, Time: 00:19:11

Health: -1/38      AC:  4    Str:  5    XL:     7   Next: 13%
Magic:  0/17       EV: 14    Int: 22    God:
Gold:   106        SH:  0    Dex: 17    Spells: 6/17 levels left

rFire    . . .     SeeInvis .   m - +2 long sword (holy)
rCold    . . .     Gourm    .   (no shield)
rNeg     . . .     Faith    .   e - +2 robe
rPois    .         Spirit   +   (helmet restricted)
rElec    .         Reflect  .   (no cloak)
rCorr    .         Harm     .   (no gloves)
MR       .....     Clarity  +   (no boots)
Stlth    ++++......             l - amulet of guardian spirit
Regen    0.2/turn               d - ring of stealth
MPRegen  0.2/turn               (no ring)

@: hasted, very quick
A: horns 1, agile 1, clarity
a: no special abilities


You were on level 4 of the Dungeon.
You were full.

You visited 1 branch of the dungeon, and saw 4 of its levels.
You also visited: Sewer.

You collected 106 gold pieces.

Inventory:

Hand Weapons
 k - the +2 rapier "String" {flame, rElec, unknown}
   (You found it on level 4 of the Dungeon)

   It has been specially enchanted to burn those struck by it, causing extra
   injury to most foes and up to half again as much damage against particularly
   susceptible opponents.
   It insulates you from electricity.
 m - a +2 long sword of holy wrath (weapon)
Armour
 e - a +2 robe (worn)
Jewellery
 d - a ring of stealth (left hand)
 l - an amulet of guardian spirit (around neck)
Scrolls
 a - a scroll of amnesia
 g - a scroll of teleportation
 i - 2 scrolls of remove curse
 q - a scroll of enchant armour
 r - a scroll of blinking {unknown}
Potions
 f - a potion of curing
Books
 b - a book of Flames

   Spells                             Type                      Level
   a - Flame Tongue                   Conjuration/Fire             1
   b - Throw Flame                    Conjuration/Fire             2
   c - Conjure Flame                  Conjuration/Fire             3
   d - Inner Flame                    Hexes/Fire                   3
   e - Sticky Flame                   Conjuration/Fire             4
   f - Fireball                       Conjuration/Fire             5
 o - a book of Minor Magic

   Spells                             Type                      Level
   a - Magic Dart                     Conjuration                  1
   b - Blink                          Translocation                2
   c - Call Imp                       Summoning                    2
   d - Slow                           Hexes                        2
   e - Conjure Flame                  Conjuration/Fire             3
   f - Mephitic Cloud                 Conjuration/Poison/Air       3
Comestibles
 c - a bread ration
 n - a meat ration


   Skills:
 + Level 1.0 Fighting
 + Level 0.8(2.0) Short Blades
 + Level 2.5(2.6) Long Blades
 + Level 3.8 Dodging
 + Level 4.1 Stealth
 + Level 5.5 Spellcasting
 + Level 3.0 Conjurations
 + Level 4.8 Fire Magic


You had 6 spell levels left.
You knew the following spells:

 Your Spells              Type           Power        Failure   Level  Hunger
a - Flame Tongue          Conj/Fire      ###..        1%          1    None
b - Throw Flame           Conj/Fire      ###...       2%          2    None
c - Conjure Flame         Conj/Fire      ###.....     5%          3    ##.....
d - Fireball              Conj/Fire      ###.......   45%         5    #####..


Dungeon Overview and Level Annotations

Branches:
Dungeon (4/15)
 Temple: D:4-7

Altars:
Elyvilon
Fedhas

Annotations:
D:3 Sigmund
D:4 Pikel


Innate Abilities, Weirdness & Mutations

You have a pair of small horns on your head.
You are agile. (Dex +2)
You possess an exceptional clarity of mind.


Message History

* * * LOW HITPOINT WARNING * * *
Pikel burns you.
* * * LOW HITPOINT WARNING * * *
Casting: Flame Tongue
Confirm with . or Enter, or press ? or * to list all spells.
Aiming: Flame Tongue
Press: ? - help, Shift-Dir - straight line, f/p - Pikel
Aim: Pikel, wielding a whip of flaming and wearing a robe (severely wounded)
The flame tongue hits Pikel.
Pikel appears unharmed.
Pikel is severely wounded.
Pikel barely misses you. The slave closely misses you.
Casting: Flame Tongue
Confirm with . or Enter, or press ? or * to list all spells.
Aiming: Flame Tongue
Press: ? - help, Shift-Dir - straight line, f/p - Pikel
Aim: Pikel, wielding a whip of flaming and wearing a robe (severely wounded)
The flame tongue misses Pikel.
Pikel hits you with a whip of flaming!
* * * LOW HITPOINT WARNING * * *
Pikel burns you.
You die...

#.########o.....
#o# ..... #o#
.... #.# ### #p#
#.# ##.#########
#.Kp.......#
##..@######.#
##..#........#
##..###...#####
#..##.##..#
#..._.
#=##...##.#
...P.P
#..##.##..# ....
##..'##..## #..#
##..#...# #..#
##.....#


You could see Pikel, 2 slaves, an orc wizard and an orc.

Vanquished Creatures
  2 ogres
  2 bullfrogs (Sewer)
  Jessica (D:3)
  A worker ant (D:4)
  Robin (D:2)
  11 adders
  A gnoll (D:2)
  3 worms
  2 dart slugs
  2 orcs (D:4)
  3 ball pythons
  9 bats
  17 giant cockroaches
  8 goblins
  6 hobgoblins
  9 jackals
  9 kobolds
  5 frilled lizards
  6 rats
98 creatures vanquished.

Notes
Turn   | Place    | Note
-------+----------+-------------------------------------------
     0 | D:1      | Ymberti the Deep Elf Fire Elementalist began the quest for the Orb.
     0 | D:1      | Reached XP level 1. HP: 10/10 MP: 6/6
    80 | D:1      | Reached XP level 2. HP: 15/15 MP: 5/8
   612 | D:1      | Reached XP level 3. HP: 14/19 MP: 7/10
   616 | D:1      | Learned a level 2 spell: Throw Flame
   620 | D:1      | Learned a level 3 spell: Conjure Flame
   730 | D:1      | Gained mutation: You have a pair of small horns on your head. [potion of mutation]
   730 | D:1      | Gained mutation: You possess an exceptional clarity of mind. [potion of mutation]
   730 | D:1      | Gained mutation: You are agile. (Dex +2) [potion of mutation]
  1138 | D:2      | Reached skill level 4 in Spellcasting
  1186 | D:2      | Reached XP level 4. HP: 24/24 MP: 4/12
  1388 | D:2      | Noticed Robin
  1402 | D:2      | Killed Robin
  1530 | D:2      | Found a white marble altar of Elyvilon.
  1974 | D:3      | Noticed Sigmund
  2004 | D:3      | Noticed Jessica
  2095 | D:3      | Killed Jessica
  2095 | D:3      | Reached XP level 5. HP: 27/28 MP: 10/13
  2122 | D:3      | Reached skill level 1 in Long Blades
  2380 | D:4      | Noticed an ogre
  2387 | D:4      | Found a blossoming altar of Fedhas.
  2398 | D:4      | Killed an ogre
  2398 | D:4      | Reached XP level 6. HP: 33/33 MP: 3/15
  2429 | D:4      | Found a glowing drain.
  2515 | Sewer    | Entered a sewer
  2704 | Sewer    | Reached skill level 1 in Fighting
  2704 | Sewer    | Reached skill level 5 in Spellcasting
  2951 | D:3      | Reached XP level 7. HP: 28/38 MP: 7/17
  2958 | D:3      | Learned a level 5 spell: Fireball
  2995 | D:4      | Got a twisted rapier
  3021 | D:4      | Noticed Pikel
  3095 | D:4      | Slain by Pikel

Skill      XL: |  1  2  3  4  5  6 |
---------------+-------------------+-----
Dodging        | 3 |  3.8
Fire Magic     | 4 |  4.8
Spellcasting   | 4 5 |  5.5
Stealth        | 3 4 |  4.1
Long Blades    | 1 2 |  2.5
Conjurations   | 2 3 |  3.0
Fighting       | 1 |  1.0
Short Blades   | |  0.8

Action                   |  1- 3 |  4- 6 |  7- 9 || total
-------------------------+-------+-------+-------++-------
Melee: Dagger            |    22 |       |       ||    22
       Headbutt          |     3 |     6 |     2 ||    11
       Long sword        |       |    41 |     6 ||    47
 Cast: Flame Tongue      |    30 |    65 |    10 ||   105
       Throw Flame       |    10 |    24 |     1 ||    35
       Conjure Flame     |       |     2 |     1 ||     3
  Use: Scroll            |     5 |     8 |     1 ||    14
       Potion            |     1 |     1 |     2 ||     4
 Stab: Sleeping          |     2 |     4 |       ||     6
  Eat: Royal jelly       |     1 |       |       ||     1
       Bread ration      |       |     2 |       ||     2
       Fruit             |       |     2 |       ||     2
Armor: Robe              |     9 |    12 |     2 ||    23
Dodge: Dodged            |    26 |    45 |    12 ||    83
       Rpst.: Long sword |       |    22 |     2 ||    24
